 Dungeon Crawl Stone Soup version 0.26-a0-663-g36e8fdb655 (webtiles) character file.

Game seed: 3832844104670611750

137 nomicflux the Grave Robber (level 5, -9/42 HPs)
             Began as a Ghoul Necromancer on Oct 10, 2020.
             Killed by divine providence
             ... invoked by an orc priest
              (12 damage)
             ... on level 3 of the Dungeon.
             The game lasted 00:10:03 (4380 turns).

nomicflux the Grave Robber (Ghoul Necromancer)      Turns: 4380, Time: 00:10:03

Health: -9/42      AC:  2    Str: 12    XL:     5   Next: 20%
Magic:  0/8        EV: 12    Int: 11    God:
Gold:   97         SH:  0    Dex:  9    Spells: 8/9 levels left

rFire    . . .     SeeInvis .   (no weapon)
rCold    + . .     Faith    .   (no shield)
rNeg     + + +     Spirit   .   a - +0 robe
rPois    ∞         Reflect  .   (no helmet)
rElec    .         Harm     .   (no cloak)
rCorr    .         Rampage  .   (no gloves)
MR       .....                  (no boots)
Stlth    ++........             (no amulet)
HPRegen  0.00/turn              (no ring)
MPRegen  0.11/turn              (no ring)

@: very slightly contaminated
A: rotting body, claws 1, cold resistance 1, negative energy resistance 3,
inhibited regeneration, torment resistance, unbreathing
a: no special abilities


You were on level 3 of the Dungeon.
You visited 1 branch of the dungeon, and saw 3 of its levels.

You collected 97 gold pieces.

Inventory:

Armour
 a - a +0 robe (worn)
Scrolls
 b - 3 scrolls of remove curse {unknown}
 c - 2 scrolls of identify {unknown}
 e - a scroll of enchant armour {unknown}
 h - a scroll of enchant weapon {unknown}
Potions
 d - a potion of invisibility {unknown}
 f - a potion of degeneration {unknown}
 g - a potion of ambrosia {unknown}


   Skills:
 + Level 2.7 Fighting
 - Level 1.7 Dodging
 - Level 2.1 Stealth
 + Level 2.9 Spellcasting
 + Level 4.8 Necromancy


You had 8 spell levels left.
You knew the following spells:

 Your Spells              Type           Power        Failure   Level
a - Pain                  Necr           ##..         3%          1

Your spell library contained the following spells:

 Spells                   Type           Power        Failure   Level
 Animate Skeleton         Necr           ##....       3%          1
 Vampiric Draining        Necr           ##........   11%         3
 Animate Dead             Necr           ##........   34%         4
 Agony                    Necr           ##......     69%         5


Dungeon Overview and Level Annotations

Branches:
Dungeon (3/15)

Altars:


Innate Abilities, Weirdness & Mutations

Your body is rotting away.
You thrive by killing the living.
You are immune to poison.
You have sharp fingernails.
Your flesh is cold resistant. (rC+)
You are immune to negative energy. (rN+++)
You do not regenerate when monsters are visible.
You are immune to unholy pain and torment.
You can survive without breathing.


Message History

Press: ? - help, Shift-Dir - straight line, f/p - orc priest
Aim: an orc priest (almost dead, chance to defeat MR: 68%)
The orc priest struggles to resist.
The quokka bites you but does no damage.
The giant cockroach bites you.
* * * LOW HITPOINT WARNING * * *
The orc priest miscasts a cantrip.
The rat closely misses you. The orc misses you.
Casting: Pain (safe; 3% risk of failure)
Confirm with . or Enter, or press ? or * to list all spells.
Aiming: Pain (safe; 3% risk of failure)
Press: ? - help, Shift-Dir - straight line, f/p - orc priest
Aim: an orc priest (almost dead, chance to defeat MR: 68%)
You miscast Pain.
You are very lightly contaminated with residual magic.
Nothing appears to happen.
The quokka closely misses you.
The giant cockroach bites you but does no damage.
The orc priest mumbles some strange prayers to Beogh against you.
Beogh smites you!
You die...

###'######## #.#.# #
#..........#######.#.# #
#..........#.......#.# #
#..........#.#######.###
+..........#.#.....#..##
#..........#.#.###.#..##
#..........#.#.# #.#...#
#.....o...$#.#.###.#.#.#
#.....r@o..#.#...#...#.#
#.....orB..#.###.#####..
#..........#)# #.#..###.
#..........#.# #........
#..........#.###########
#..........#............
............#############
.......###### #######
........# #......


You could see an orc priest, 2 orcs, a quokka, a giant cockroach and a rat.

Vanquished Creatures
  Jessica (D:3)
  An adder (D:3)
  An ooze (D:2)
  4 worms
  3 dart slugs
  3 leopard geckos (D:2)
  3 orcs (D:3)
  3 giant cockroaches
  8 goblins
  9 hobgoblins
  5 jackals (D:1)
  2 quokkas (D:2)
  9 bats
  2 frilled lizards
  9 kobolds
  7 rats
70 creatures vanquished.

Notes
Turn   | Place    | Note
-------+----------+-------------------------------------------
     0 | D:1      | nomicflux the Ghoul Necromancer began the quest for the
                  | Orb.
     0 | D:1      | Reached XP level 1. HP: 14/14 MP: 2/2
   504 | D:1      | Reached XP level 2. HP: 2/22 MP: 0/4
   836 | D:1      | Reached skill level 1 in Fighting
  1305 | D:1      | Reached XP level 3. HP: 7/28 MP: 0/5
  2622 | D:1      | Reached XP level 4. HP: 12/36 MP: 0/6
  3646 | D:3      | Noticed Jessica
  3651 | D:3      | Killed Jessica
  3853 | D:3      | Reached XP level 5. HP: 38/42 MP: 3/8
  4380 | D:3      | Killed from afar by an orc priest

Illustrated notes

Levels and vault maps discovered:
D:1:      dpeg_arrival_three_same_balls, layout_basic, chequers_decorated_corner
D:2:      minmay_alternating_diamond, layout_rooms, serial_corexii_hall,
          corexii_hall_statues_u, chequers_hall_statues_corner_a
D:3:      layout_basic, uniq_jessica

Skill      XL: |  1  2  3 |
---------------+----------+-----
Spellcasting   | 2 |  2.9
Fighting       | 1 2 |  2.7
Dodging        | |  1.7
Stealth        | |  2.1
Necromancy     | |  4.8

Action                   |  1- 3 |  4- 6 || total
-------------------------+-------+-------++-------
Melee: Unarmed           |    71 |    32 ||   103
 Cast: Pain              |   100 |    84 ||   184
Armor: Robe              |    28 |    12 ||    40
Dodge: Dodged            |   102 |    54 ||   156

Table legend: (Time is in decaauts)
 A = Elapsed time spent in this place.
 B = Non-inter-level travel time spent in this place.
 C = Inter-level travel time spent in this place.
 D = Time resting spent in this place.
 E = Time spent auto-exploring this place.
 F = Levels seen in this place.
 G = Mean time per level.
                   A        B        C        D        E       F      G
               +--------+--------+--------+--------+--------+-----+--------+
         Total |   4382 |   4325 |     57 |   2004 |   1533 |   3 | 1460.7 |
       Dungeon |   4382 |   4325 |     57 |   2004 |   1533 |   3 | 1460.7 |
               +--------+--------+--------+--------+--------+-----+--------+

Top non-repeatable levels by time:
     D:1: 2348 daAuts
     D:2: 1097 daAuts
     D:3: 937 daAuts
